 Seeded DCSS version 0.29.1-15-g9cfb28693d (webtiles) character file.

Game seed: 17316487221049467947 (custom seed)

63 GigaChad the Chopper (level 3, -4/28 HPs)
             Began as a Demonspawn Gladiator on Mar 11, 2023.
             Slain by a gnoll
             ... wielding a +0 spear
              (6 damage)
             ... on level 2 of the Dungeon.
             The game lasted 00:01:39 (1989 turns).

GigaChad the Chopper (Demonspawn Gladiator)         Turns: 1989, Time: 00:01:40

Health: -4/28      AC: 12    Str: 16    XL:     3   Next: 87%
Magic:  3/3        EV:  5    Int:  9    God:
Gold:   83         SH:  4    Dex: 14    Spells: 2/2 levels left

rFire   . . .      SeeInvis .   a - +0 war axe
rCold   . . .      Faith    .   (no shield)
rNeg    . . .      Spirit   .   n - +0 plate armour
rPois   .          Reflect  .   (helmet restricted)
rElec   .          Harm     .   (no cloak)
rCorr   .          Rampage  +   (no gloves)
Will    .....                   r - +1 pair of boots {rampage}
Stlth   ..........              (no amulet)
HPRegen 0.09/turn               (no ring)
MPRegen 0.08/turn               (no ring)

@: no status effects
A: horns 1, condensation shield
a: no special abilities


You were on level 2 of the Dungeon.
You visited 1 branch of the dungeon, and saw 2 of its levels.

You collected 83 gold pieces.

Inventory:

Hand Weapons
 a - a +0 war axe (weapon)
Missiles
 d - 3 throwing nets (quivered)
 e - a javelin
Armour
 b - a +0 leather armour
 c - a +0 helmet
 n - a +0 plate armour (worn)
 q - a +1 scale mail of poison resistance
 r - a +1 pair of boots of rampaging (worn)
Wands
 m - a wand of mindburst (10)
Scrolls
 f - a scroll of teleportation
 i - 2 scrolls of identify {unknown}
 l - a scroll of noise {unknown}
 p - a scroll of magic mapping {unknown}
Potions
 g - 2 potions of curing {unknown}
 h - a potion of ambrosia {unknown}
 j - a potion of heal wounds {unknown}
 k - a potion of berserk rage {unknown}
 o - a potion of haste {unknown}


   Skills:
 + Level 2.7 Fighting
 + Level 3.5 Axes
 + Level 1.8 Throwing
 + Level 0.5 Armour
 + Level 3.0 Dodging
 + Level 0.2 Shields


You had 2 spell levels left.
You didn't know any spells.
Your spell library contained the following spells:

 Spells                   Type           Power      Damage    Failure   Level
 Static Discharge         Conj/Air       0%         3-3/arc   100%        2
 Dispel Undead            Necr           0%         3d6       100%        4
 Sticky Flame             Conj/Fire      0%         2d3       100%        4


Dungeon Overview and Level Annotations

Branches:
Dungeon (2/15)

Altars:
Xom


Innate Abilities, Weirdness & Mutations

You have a pair of small horns on your head.
A meltable shield of frost defends you. (SH +4)


Message History

The gnoll is heavily wounded.
The gnoll closely misses you. The gnoll hits you with a +0 whip!
You block the gnoll's attack.
You slash the gnoll!
You kill the gnoll!
The gnoll throws a throwing net.
The throwing net barely misses you. The gnoll hits you but does no damage.
The gnoll hits you with a +0 spear.
Things that are here:
a +0 whip; a gnoll corpse Unknown command.
The gnoll hits you but does no damage.
You see here a throwing net.
You rampage towards the gnoll!
You barely miss the gnoll. You headbutt the gnoll.
The gnoll is moderately wounded.
The gnoll hits you but does no damage.
A gnoll comes into view. It is wielding a +0 spear.
You barely miss the gnoll.
The gnoll is moderately wounded.
The gnoll hits you from afar with a +0 spear.
The gnoll barely misses you. The gnoll hits you with a +0 spear.
The gnoll hits you from afar with a +0 spear.
You hit the gnoll. Your headbutt misses the gnoll.
The gnoll is severely wounded.
The gnoll hits you from afar with a +0 spear.
* * * LOW HITPOINT WARNING * * *
The gnoll hits you with a +0 spear.
* * * LOW HITPOINT WARNING * * *
You barely miss the gnoll.
The gnoll is severely wounded.
The gnoll hits you but does no damage. The gnoll barely misses you.
You hit the gnoll but do no damage.
The gnoll is severely wounded.
You block the gnoll's attack. The gnoll hits you with a +0 spear.
* * * LOW HITPOINT WARNING * * *
The gnoll hits you but does no damage. x2
You barely miss the gnoll.
The gnoll is severely wounded.
The gnoll hits you from afar with a +0 spear.
You die...

###...>.....##......#
#.#.........##.)....#
............##......#
###...<....>........#
#..........#......#
#..........#......#
###.........##......#
#.....#.########.####
..#####.# ##@# ###
#.# #.g# #######.#
#g## ......#.# #g
......#.# #.
).....#[# .. ......#
.. ####### ... #. ...


You could see 3 gnolls.

Vanquished Creatures
  A gnoll (D:2)
  2 adders (D:2)
  A worm (D:2)
  A dart slug (D:2)
  5 ball pythons
  6 endoplasms
  2 giant cockroaches (D:1)
  A goblin (D:2)
  2 hobgoblins
  A quokka (D:1)
  A frilled lizard (D:2)
  3 kobolds (D:1)
  4 rats
30 creatures vanquished.

Vanquished Creatures (others)
  4 plants (D:1)
4 creatures vanquished.

Grand Total: 34 creatures vanquished

Notes
Turn   | Place    | Note
-------+----------+-------------------------------------------
     0 | D:1      | GigaChad the Demonspawn Gladiator began the quest for the
                  | Orb.
     0 | D:1      | Reached XP level 1. HP: 16/16 MP: 1/1
   576 | D:1      | Gained mutation: A meltable shield of frost defends you.
                  | (SH +4) [demonic ancestry]
   576 | D:1      | Reached XP level 2. HP: 23/23 MP: 2/2
   755 | D:1      | Found a faded altar of an unknown god.
  1094 | D:2      | Found a shimmering altar of Xom.
  1387 | D:2      | Gained mutation: You have a pair of small horns on your
                  | head. [demonic ancestry]
  1387 | D:2      | Reached XP level 3. HP: 28/28 MP: 3/3
  1989 | D:2      | Slain by a gnoll

Illustrated notes

Levels and vault maps discovered:
D:1:      spicycebolla_arrival_clurvy, layout_basic,
          nicolae_ecumenical_lake_church
D:2:      layout_rooms, basic_altar, minmay_box_of_dots

Skill      XL: |  1  2  3 |
---------------+----------+-----
Axes           | 3 |  3.5
Dodging        | 3 |  3.0
Fighting       | |  2.7
Throwing       | |  1.8
Armour         | |  0.5
Shields        | |  0.2

Action                   || total
-------------------------++-------
Melee: War axe           ||    74
       Headbutt          ||     8
  Use: Scroll            ||     1
 Stab: Sleeping          ||     1
Armor: Leather armour    ||     6
       Plate armour      ||    21
Dodge: Dodged            ||    43
Block: Other             ||    13
